 Dungeon Crawl Stone Soup version 0.29.1-12-g30fa7ad0bf (webtiles) character file.

Game seed: 17183480063306357194

588 soggyman666 the Chopper (level 7, -1/61 HPs)
             Began as a Minotaur Fighter on Dec 27, 2022.
             Was an Initiate of Trog.
             Killed from afar by a steam dragon (11 damage)
             ... with a ball of steam
             ... in the Ecumenical Temple.
             The game lasted 00:08:55 (3710 turns).

soggyman666 the Chopper (Minotaur Fighter)          Turns: 3710, Time: 00:08:56

Health: -1/61      AC: 10    Str: 22    XL:     7   Next: 15%
Magic:  6/6        EV: 10    Int:  5    God:    Trog [......]
Gold:   177        SH:  5    Dex: 10    Spells: 6/6 levels left

rFire   . . .      SeeInvis .   a - +2 war axe
rCold   . . .      Faith    .   c - +1 buckler
rNeg    . . .      Spirit   .   b - +0 scale mail
rPois   .          Reflect  .   (helmet restricted)
rElec   .          Harm     .   (no cloak)
rCorr   .          Rampage  .   (no gloves)
Will    .....                   n - +2 pair of boots
Stlth   ..........              (no amulet)
HPRegen 0.20/turn               h - ring of flight
MPRegen 0.10/turn               (no ring)

@: mighty, flying
A: horns 2, retaliatory headbutt
a: Renounce Religion


You were in the Ecumenical Temple.
You worshipped Trog.
Trog was noncommittal.
You visited 2 branches of the dungeon, and saw 6 of its levels.

You collected 177 gold pieces.

Inventory:

Hand Weapons
 a - a +2 war axe (weapon)
 s - a +1 antimagic flail
Missiles
 q - 4 poisoned darts (quivered)
Armour
 b - a +0 scale mail (worn)
 c - a +1 buckler (worn)
 n - a +2 pair of boots (worn)
Jewellery
 h - a ring of flight (left hand)
Scrolls
 e - a scroll of magic mapping {unknown}
 g - a scroll of noise {unknown}
 k - a scroll of blinking
 m - a scroll of teleportation
 o - a scroll of poison {unknown}
 p - a scroll of amnesia
Potions
 j - a potion of flight {unknown}
 l - a potion of resistance {unknown}
 r - 3 potions of heal wounds


   Skills:
 + Level 5.1 Fighting
 + Level 6.3 Axes
 + Level 6.0 Armour
 + Level 1.4 Dodging
 + Level 0.5 Stealth
 + Level 4.6 Shields


You had 6 spell levels left.
You didn't know any spells.
Your spell library contained the following spells:

 Spells                   Type           Power      Damage    Failure   Level
 Magic Dart               Conj           0%         1d3       86%         1
 Call Imp                 Summ           0%         N/A       95%         2
 Mephitic Cloud           Conj/Pois/Air  0%         N/A       99%         3


Dungeon Overview and Level Annotations

Branches:
Dungeon (7/15)             Temple (1/1) D:7

Altars:
Ashenzari
Dithmenos
Hepliaklqana
Nemelex Xobeh
Okawaru
Qazlal
Ru
Sif Muna
Trog
Vehumet
The Shining One


Innate Abilities, Weirdness & Mutations

You have a pair of horns on your head.
You reflexively headbutt those who attack you in melee.


Message History

There is a staircase to the Ecumenical Temple here.
You closely miss the steam dragon. You closely miss the iguana.
You are engulfed in a cloud of scalding steam.
The steam dragon barely misses you.
The steam dragon claws you but does no damage.
The iguana bites you but does no damage.
You barely miss the steam dragon. You closely miss the iguana.
You are engulfed in a cloud of scalding steam.
The steam dragon closely misses you. The steam dragon claws you.
The iguana barely misses you. The steam dragon completely misses you.
You block the steam dragon's attack.
You closely miss the steam dragon. You closely miss the iguana.
You are engulfed in a cloud of scalding steam.
The iguana bites you but does no damage.
The steam dragon bites you but does no damage.
The steam dragon closely misses you.
You are too injured to fight recklessly!
You are too injured to fight recklessly!
You are too injured to fight recklessly!
You are too injured to fight recklessly!
You are too injured to fight recklessly!
Unknown command.
You can't go up here!
The iguana bites you!
* * * LOW HITPOINT WARNING * * *
The steam dragon bites you.
* * * LOW HITPOINT WARNING * * *
The steam dragon claws you.
* * * LOW HITPOINT WARNING * * *
You fly downwards.
Welcome back to the Ecumenical Temple!
There is a staircase back to the Dungeon here.
Blink to where?
Press: ? - help, Dir - move target
As you read the scroll of blinking, it crumbles to dust.
As you read the scroll of teleportation, it crumbles to dust.
You feel strangely unstable.
Your surroundings seem slightly different.
The steam dragon breathes steam at you. The ball of steam hits you!
You die...

######## ######### #######
##......## ##.......## ##......
#........## #..._._...# ##.......
..........###._....._.###........
..........lD..ยงยง@_...............
#.........###._....._.###........
..........# #..._._...# #........
..........# ##.......## #........
#........## ######### ##.......
##......## ##...... ###.#####
#####.## ##......D#######
#######.......
#.........l....#####.............


There were no monsters in sight!

Vanquished Creatures
  Sigmund (D:3)
  A black bear (D:7)
  A phantom (D:4)
  A hound (D:4)
  2 orc priests (D:3)
  A jelly (D:4)
  An iguana (D:7)
  An orc wizard (D:3)
  An adder (D:2)
  A shadow imp (D:7)
  An ufetubus (D:7)
  9 orcs
  7 endoplasms
  3 giant cockroaches
  A goblin (D:4)
  9 hobgoblins
  3 jackals (D:3)
  3 quokkas
  4 ball pythons
  A bat (D:1)
  8 frilled lizards
  5 kobolds
  4 rats
69 creatures vanquished.

Vanquished Creatures (others)
  An orc (D:3)
1 creature vanquished.

Grand Total: 70 creatures vanquished

Notes
Turn   | Place    | Note
-------+----------+-------------------------------------------
     0 | D:1      | soggyman666 the Minotaur Fighter began the quest for the
                  | Orb.
     0 | D:1      | Reached XP level 1. HP: 19/19 MP: 0/0
   165 | D:1      | Reached XP level 2. HP: 26/27 MP: 1/1
  1103 | D:2      | Reached XP level 3. HP: 32/33 MP: 2/2
  1739 | D:3      | Reached XP level 4. HP: 27/40 MP: 3/3
  1899 | D:3      | Found a shadowy altar of Dithmenos.
  1983 | D:3      | Noticed Sigmund
  1994 | D:3      | Killed Sigmund
  1995 | D:3      | Reached skill level 5 in Armour
  1995 | D:3      | Reached skill level 1 in Dodging
  1995 | D:3      | Reached XP level 5. HP: 12/47 MP: 4/4
  2232 | D:3      | Found a radiant altar of Vehumet.
  2323 | D:3      | Reached skill level 5 in Axes
  2323 | D:3      | Reached XP level 6. HP: 52/53 MP: 5/5
  2880 | D:4      | You are sucked into a shaft and drop 3 floors!
  2918 | D:7      | Reached skill level 5 in Fighting
  2918 | D:7      | Reached XP level 7. HP: 57/61 MP: 6/6
  2927 | D:7      | Noticed a hornet
  3094 | D:7      | Identified the +0 leather armour "Miobre" {+Inv rF+++ Will-
                  | SInv}
  3134 | D:7      | Found a staircase to the Ecumenical Temple.
  3135 | D:7      | Noticed a steam dragon
  3143 | Temple   | Entered the Ecumenical Temple
  3429 | Temple   | Became a worshipper of Trog the Wrathful
  3710 | Temple   | Killed from afar by a steam dragon

Illustrated notes

Levels and vault maps discovered:
D:1:      matt_arrival_spirals, layout_basic, wad_woods_river_04,
          minmay_pentomino_u2
D:2:      layout_basic, minmay_split_cup_small
D:3:      layout_basic, fiery_altar_vehumet,
          mainiacjoe_overflow_concentric_impassable, supply_closet_lemuel,
          uniq_sigmund
D:4:      layout_loops_corners, lemuel_crystal_altar,
          lemuel_mausoleum_altar_yredelemnul, serial_shops, kennysheep_mini_moat
D:7:      layout_rooms, minmay_temple_entry_stoned_glass, chequers_big_river,
          uniq_joseph
Temple:   kb_temple_of_zot

Skill      XL: |  1  2  3  4  5  6  7 |
---------------+----------------------+-----
Fighting       | 4 5 |  5.1
Shields        | 4 |  4.6
Armour         | 4 5 6 |  6.0
Axes           | 3 4 5 6 |  6.3
Dodging        | 1 |  1.4
Stealth        | |  0.5

Action                   |  1- 3 |  4- 6 |  7- 9 || total
-------------------------+-------+-------+-------++-------
Melee: War axe           |    83 |    66 |     8 ||   157
       Headbutt          |     9 |     6 |     2 ||    17
  Use: Scroll            |     7 |     4 |     5 ||    16
       Potion            |       |       |     1 ||     1
Armor: Scale mail        |    40 |    39 |    11 ||    90
Dodge: Dodged            |    23 |    33 |    10 ||    66
Block: Buckler           |    21 |    18 |     6 ||    45
